 Dungeon Crawl Stone Soup version 0.30-a0-222-ge547ba4400 (webtiles) character file.

Game seed: 9544899244770255259

7361 blackman the Basher (level 11, -5/81 HPs)
             Began as a Human Delver on Oct 8, 2022.
             Was a High Priest of Okawaru.
             Slain by a death yak (13 damage)
             ... on level 8 of the Dungeon.
             The game lasted 00:25:39 (10046 turns).

blackman the Basher (Human Delver)                 Turns: 10046, Time: 00:25:39

Health: -5/81      AC: 16    Str: 18    XL:     11   Next: 35%
Magic:  17/17      EV:  8    Int: 10    God:    Okawaru [*****.]
Gold:   638        SH:  0    Dex: 14    Spells: 10/10 levels left

rFire   . . .      SeeInvis +    d - +9 lajatang of Fofaw {elec, *Rage +Blink SInv Stlth+}
rCold   . . .      Faith    .    (shield currently unavailable)
rNeg    . . .      Spirit   .    f - +0 plate armour
rPois   .          Reflect  .    (no helmet)
rElec   .          Harm     .    A - +0 cloak
rCorr   +          Rampage  .    (no gloves)
Will    .....      Rage     20%  n - +0 pair of boots
Stlth   +.........               I - amulet of magic regeneration
HPRegen 0.33/turn                x - ring of resist corrosion
MPRegen 0.55/turn                (no ring)

@: heroic, on berserk cooldown, slowed, very slow
A: no striking features
a: Renounce Religion, Evoke Blink, Heroism, Finesse, Duel


You were on level 8 of the Dungeon.
You worshipped Okawaru.
Okawaru was extremely pleased with you.
You visited 2 branches of the dungeon, and saw 9 of its levels.

You collected 638 gold pieces.

Inventory:

Hand Weapons
 d - the +9 lajatang of Fofaw (weapon) {elec, *Rage +Blink SInv Stlth+}
   (You acquired it in the Ecumenical Temple)

   It occasionally discharges a powerful burst of electricity upon striking a
   foe.
   SInv:      It lets you see invisible.
   +Blink:    It lets you blink.
   *Rage:     It berserks you when you make melee attacks (+20% chance).
   Stlth:     It makes you more stealthy.
 C - a +0 flail
 F - a +0 morningstar
Missiles
 e - 2 boomerangs
 k - 9 javelins (quivered)
 B - 6 poisoned darts
 K - 6 boomerangs of dispersal
Armour
 b - a +0 leather armour
 f - a +0 plate armour (worn)
 n - a +0 pair of boots (worn)
 A - a +0 cloak (worn)
Jewellery
 x - a ring of resist corrosion (left hand)
 I - an amulet of magic regeneration (around neck)
 J - a ring of ice
Wands
 g - a wand of digging (8)
 y - a wand of polymorph (6)
 G - a wand of iceblast (6)
Scrolls
 a - a scroll of blinking
 c - a scroll of fog
 h - a scroll of torment {unknown}
 i - 5 scrolls of identify
 j - 4 scrolls of amnesia
 p - 3 scrolls of enchant weapon
 t - 2 scrolls of magic mapping
 v - 6 scrolls of butterflies
 D - a scroll of vulnerability
 E - 2 scrolls of teleportation
 L - a scroll of enchant armour {unknown}
Potions
 l - 2 potions of magic {unknown}
 m - 3 potions of curing {unknown}
 o - 3 potions of degeneration {unknown}
 q - a potion of heal wounds {unknown}
 r - a potion of attraction {unknown}
 s - a potion of haste
 u - 2 potions of mutation {unknown}
 w - 3 potions of flight {unknown}
 z - a potion of lignification {unknown}
 H - 3 potions of invisibility {unknown}
 M - a potion of cancellation {unknown}
 N - a potion of brilliance {unknown}


   Skills:
 - Level 5.7(10.7) Fighting
 - Level 2.0(7.0) Long Blades
 - Level 9.6(15.8) Maces & Flails
 - Level 7.5(14.7) Staves
 - Level 1.8(6.8) Throwing
 - Level 3.1(8.1) Armour
 - Level 2.0(7.0) Dodging
 - Level 5.0(10.0) Stealth
 * Level 8.0 Invocations
 - Level 6.1 Evocations


You had 10 spell levels left.
You didn't know any spells.
Your spell library contained the following spells:

 Spells                   Type           Power      Damage    Failure   Level
 Apportation              Tloc           0%         N/A       100%        1
 Necrotise                Necr           0%         1d4       100%        1
 Slow                     Hex            0%         N/A       100%        1
 Blink                    Tloc           0%         N/A       100%        2
 Ensorcelled Hibernation  Hex/Ice        0%         N/A       100%        2
 Passwall                 Tmut/Erth      0%         N/A       100%        2
 Sublimation of Blood     Necr           0%         N/A       100%        2
 Confusing Touch          Hex            0%         N/A       100%        3
 Swiftness                Air            0%         N/A       100%        3
 Vampiric Draining        Necr           0%         2d6       100%        3
 Vhi's Electric Charge    Tloc/Air       0%         N/A       100%        3
 Manifold Assault         Tloc           0%         N/A       100%        4
 Petrify                  Tmut/Erth      0%         N/A       100%        4
 Arcjolt                  Conj/Air       0%         1d10      100%        5
 Irradiate                Conj/Tmut      0%         3d11      100%        5
 Storm Form               Tmut/Air       0%         N/A       100%        7
 Maxwell's Capacitive Co  Air            0%         ∞         100%        8
 Summon Small Mammal      Summ           Unusable   N/A       N/A         1

Dungeon Overview and Level Annotations

Branches:
Dungeon (8/15)             Temple (1/1) D:7            Lair (0/5) D:8

Altars:
Cheibriados
Gozag
Hepliaklqana
Makhleb
Okawaru
Sif Muna
Trog
Vehumet

Shops:
D:1 [   D:6 =

Annotations:
D:4 Eustachio
D:5 3 runed translucent doors, Zeld's ghost, amateur DsRe


Message History

No target in view!
No target in view!
No target in view!
No target in view!
No target in view!
No target in view!
No target in view!
No target in view!
No target in view!
No target in view!
No target in view!
No target in view!
No target in view!
No target in view!
No target in view!
You start resting.
A death yak comes into view.
Unknown command. 3 death yaks come into view.
You feel a strong urge to attack something.
The death yak bellows! x3
Things that are here:
a death yak corpse; a water moccasin corpse
There is an open door here.
Found a staircase to the Lair.
You feel your anger nearly subside.
You are no longer berserk.
You are exhausted.
You feel yourself slow down. The death yak gores you!
There is an open door here.
The death yak attacks as you move away!
The death yak gores you but does no damage.
The death yak gores you. The death yak attacks as you move away!
The death yak gores you! The death yak attacks as you move away!
The death yak gores you! x2
* * * LOW HITPOINT WARNING * * *
The death yak gores you.
* * * LOW HITPOINT WARNING * * *
The death yak attacks as you move away! The death yak gores you!
You die...

........#+##....##.#######.
.........+................#.
#.........#................#.
#.........#................#.
#.........#................#.
..........##########.##...##.
.......##........###..#...##.
........#††..................
.#......'YYY@...P..#####)#..#
........#..Y###'#### #..+.P#
>.......#...#[..# #..####
..#.....#...#...# #..+
........###.##'## ##+#
........# #..'..# ......###
#..#..# #..### #.##+## #.#
#.+


You could see 4 death yaks.

Vanquished Creatures
  A two-headed ogre (D:8)
  2 death yaks (D:8)
  4 centaur zombies (D:7)
  Psyche (D:8)
  Maggie (D:8)
  2 hellwings (D:7)
  A redback zombie (D:7)
  A meliai zombie (D:7)
  Sigmund (D:2)
  A steam dragon (D:7)
  Menkaure (D:5)
  2 water moccasins
  2 orc warriors
  2 black bears
  3 ogres (D:4)
  A centaur (D:5)
  A phantom (D:5)
  3 bullfrogs
  3 necrophages
  4 scorpions
  3 hounds (D:5)
  Crazy Yiuf (D:2)
  An orc priest (D:8)
  Terence (D:3)
  2 gnoll boudas
  3 jellies
  Jessica (D:2)
  4 iguanas
  Natasha (thrice) (D:3)
  7 orc wizards
  5 adders
  9 gnolls
  5 shadow imps
  A white imp (D:7)
  2 ufetubi (D:5)
  2 dart slugs
  23 orcs
  7 ball pythons
  3 bats
  8 endoplasms
  5 giant cockroaches
  2 hobgoblins
  2 jackals (D:4)
  5 kobolds
  5 quokkas
  A frilled lizard (D:2)
  9 goblins
  7 rats
164 creatures vanquished.

Vanquished Creatures (others)
  2 withered plants (D:7)
2 creatures vanquished.

Grand Total: 166 creatures vanquished

Notes
Turn   | Place    | Note
-------+----------+-------------------------------------------
     0 | D:5      | blackman the Human Delver began the quest for the Orb.
     0 | D:5      | Reached XP level 1. HP: 18/18 MP: 1/1
     7 | D:5      | Noticed a necrophage
    20 | D:5      | Noticed a black bear
    44 | D:6      | Found Baolorr's Jewellery Emporium.
    50 | D:6      | Noticed an iguana
    56 | D:6      | Noticed a scorpion
    71 | D:6      | Noticed an iguana
   118 | D:6      | Killed a scorpion
   119 | D:6      | Reached XP level 2. HP: 24/24 MP: 2/2
   119 | D:6      | Reached XP level 3. HP: 29/29 MP: 3/3
   119 | D:6      | Reached XP level 4. HP: 35/35 MP: 4/4
   140 | D:5      | Noticed Menkaure
   144 | D:5      | Killed Menkaure
   145 | D:5      | Reached skill level 5 in Evocations
   145 | D:5      | Reached XP level 5. HP: 41/41 MP: 5/5
   145 | D:5      | Reached XP level 6. HP: 47/47 MP: 6/6
   262 | D:5      | Noticed Eustachio
   560 | D:3      | Found an iron altar of Okawaru.
   565 | D:3      | Became a worshipper of Warmaster Okawaru
   607 | D:2      | Noticed Jessica
   620 | D:2      | Killed Jessica
  1293 | D:2      | Noticed Sigmund
  1309 | D:1      | Reached XP level 7. HP: 50/52 MP: 7/7
  1399 | D:1      | Found Ytibi's Antique Armour Emporium.
  1521 | D:1      | Found a faded altar of an unknown god.
  1527 | D:1      | Reached skill level 1 in Armour
  2127 | D:2      | Killed Sigmund
  2375 | D:2      | Found a runed translucent door.
  2376 | D:2      | Noticed Crazy Yiuf
  2380 | D:2      | Killed Crazy Yiuf
  2547 | D:3      | Noticed Terence
  2557 | D:3      | Killed Terence
  2624 | D:3      | Noticed Natasha
  2632 | D:3      | Killed Natasha
  2663 | D:3      | Noticed Natasha
  2679 | D:3      | Killed Natasha
  2699 | D:3      | Noticed Natasha
  2709 | D:3      | Killed Natasha
  2710 | D:3      | Reached skill level 5 in Fighting
  3060 | D:4      | Reached XP level 8. HP: 59/62 MP: 8/8
  3517 | D:4      | Reached skill level 2 in Maces & Flails
  3880 | D:4      | Reached * piety under Okawaru
  3881 | D:4      | Reached skill level 3 in Maces & Flails
  4403 | D:4      | HP: 3/64 [iguana (7)]
  5016 | D:5      | Reached skill level 4 in Maces & Flails
  5023 | D:5      | Reached skill level 5 in Maces & Flails
  5032 | D:5      | Reached XP level 9. HP: 55/69 MP: 9/9
  5045 | D:5      | Reached skill level 6 in Maces & Flails
  6017 | D:5      | Found a radiant altar of Vehumet.
  6022 | D:5      | Found a runed translucent gate.
  6022 | D:5      | Found a runed translucent gate.
  6031 | D:5      | Found an opulent altar of Gozag.
  6031 | D:5      | Noticed Zeld's ghost (amateur DsRe)
  6176 | D:5      | Found a runed translucent gate.
  6270 | D:5      | Found a burning altar of Makhleb.
  6310 | D:6      | Reached ** piety under Okawaru
  6311 | D:6      | Reached skill level 7 in Maces & Flails
  6443 | D:6      | Reached skill level 1 in Throwing
  7072 | D:7      | Found a staircase to the Ecumenical Temple.
  7188 | D:7      | Reached skill level 8 in Maces & Flails
  7671 | D:7      | Noticed a hellwing
  7710 | D:7      | Reached *** piety under Okawaru
  7711 | D:7      | Reached skill level 9 in Maces & Flails
  7711 | D:7      | Reached XP level 10. HP: 22/76 MP: 10/10
  7998 | Temple   | Entered the Ecumenical Temple
  8448 | Temple   | Identified a scroll of acquirement
  8449 | Temple   | Acquired the +9 lajatang of Fofaw {elec, *Rage +Blink SInv
                  | Stlth+}
  8564 | D:7      | Reached skill level 5 in Staves
  8605 | D:7      | Reached **** piety under Okawaru
  9145 | D:8      | Found a bloodstained altar of Trog.
  9201 | D:8      | Found a shimmering blue altar of Sif Muna.
  9246 | D:8      | Noticed Psyche
  9246 | D:8      | Noticed Maggie
  9455 | D:8      | Killed Psyche
  9813 | D:8      | Killed Maggie
  9813 | D:8      | Reached ***** piety under Okawaru
  9813 | D:8      | Received a gift from Okawaru
  9814 | D:8      | Reached XP level 11. HP: 50/81 MP: 11/13
  9870 | D:8      | Noticed a two-headed ogre
  9876 | D:8      | Killed a two-headed ogre
  9877 | D:8      | Reached skill level 5 in Invocations
 10021 | D:8      | Noticed a death yak
 10022 | D:8      | Noticed a death yak
 10031 | D:8      | Killed a death yak
 10036 | D:8      | Killed a death yak
 10037 | D:8      | Noticed a death yak
 10038 | D:8      | Noticed a death yak
 10038 | D:8      | Noticed a death yak
 10038 | D:8      | Noticed a death yak
 10040 | D:8      | Found a staircase to the Lair.
 10046 | D:8      | Slain by a death yak

Illustrated notes

Levels and vault maps discovered:
D:1:      shiori_shiawase, layout_basic, hellmonk_ecumenical_altar_heavens_door,
          serial_shops, nicolae_shop_overgrown_old_shop
D:2:      layout_basic, minmay_tetromino_i4, uniq_crazy_yiuf_cottage,
          uniq_jessica, uniq_sigmund
D:3:      layout_basic, okawaru_trees_2, uniq_natasha, uniq_terence
D:4:      layout_basic
D:5:      layout_basic, ebering_ghost_gozag, minmay_curled_crystal,
          hangedman_feature_mirror, minmay_fractal_squares_5, uniq_eustachio,
          uniq_menkaure
D:6:      layout_rooms, serial_shops, shop
D:7:      cheibrodos_grave_circle, layout_basic, minmay_temple_entry_wispy,
          minmay_misc_feat_hallway, palyth_stone_intersect,
          chequers_serial_rivers_marsh, grunt_ministairs_9,
          supply_closet_lemuel, nicolae_figureground_sparkle
D:8:      corexii_shantytown, layout_gridville, old_standard_altar,
          amcnicky_altar_gilded, dpeg_lair_monsters, uniq_psyche, uniq_maggie
Temple:   nicolae_temple_bog_church

Skill      XL: |  1  2  3  4  5  6  7  8  9 10 11 |
---------------+----------------------------------+-----
Evocations     | 3 5 6 |  6.1
Armour         | 2 3 |  3.1
Fighting       | 5 |  5.7
Maces & Flails | 5 9 |  9.6
Throwing       | 1 |  1.8
Staves         | 7 |  7.5
Invocations    | 3 8 |  8.0
Long Blades    | |  2.0
Dodging        | |  2.0
Stealth        | |  5.0

Action                   |  1- 3 |  4- 6 |  7- 9 | 10-12 || total
-------------------------+-------+-------+-------+-------++-------
Melee: Falchion          |       |    63 |    65 |       ||   128
       Punch             |       |     1 |    13 |       ||    14
       Flail             |       |       |   224 |       ||   224
       Morningstar       |       |       |    81 |     8 ||    89
       Lajatang          |       |       |       |    87 ||    87
Throw: Javelin           |       |     6 |    24 |     2 ||    32
       Dart              |       |       |    17 |       ||    17
       Boomerang         |       |       |     3 |     1 ||     4
Invok: Heroism           |       |       |       |     4 ||     4
Evoke: Wand              |     5 |     9 |     9 |     5 ||    28
  Use: Scroll            |       |     2 |       |     9 ||    11
       Potion            |       |     1 |     1 |     2 ||     4
Armor: Plate armour      |       |    49 |   369 |    72 ||   490
       Leather armour    |       |    10 |       |       ||    10
Dodge: Dodged            |       |    42 |   129 |    41 ||   212

Table legend: (Time is in decaauts)
 A = Elapsed time spent in this place.
 B = Non-inter-level travel time spent in this place.
 C = Inter-level travel time spent in this place.
 D = Time resting spent in this place.
 E = Time spent auto-exploring this place.
 F = Levels seen in this place.
 G = Mean time per level.
                   A        B        C        D        E       F      G
               +--------+--------+--------+--------+--------+-----+--------+
         Total |  10197 |   9901 |    296 |   3264 |   5037 |   9 | 1133.0 |
       Dungeon |   9749 |   9453 |    296 |   2828 |   5037 |   8 | 1218.6 |
        Temple |    447 |    447 |      0 |    436 |      0 |   1 |  447.0 |
               +--------+--------+--------+--------+--------+-----+--------+

Top non-repeatable levels by time:
     D:4: 2576 daAuts
     D:7: 2324 daAuts
     D:2: 1148 daAuts
     D:5: 949 daAuts
     D:3: 873 daAuts
     D:1: 728 daAuts
     D:6: 665 daAuts
     D:8: 482 daAuts
  Temple: 447 daAuts
